 Dungeon Crawl Stone Soup version 0.21.1-1-g345015f (webtiles) character file.

17476 vatarom the Thaumaturge (level 12, -1/100 HPs)
             Began as a Red Draconian Air Elementalist on Mar 4, 2018.
             Was a Priest of Vehumet.
             Slain by a brown very ugly thing (8 damage)
             ... on level 1 of the Abyss.
             The game lasted 00:32:43 (16021 turns).

vatarom the Thaumaturge (DrAE)                     Turns: 16021, Time: 00:32:44

Health: -1/100     AC:  6    Str: 11    XL:     12   Next: 19%
Magic:  26/26      EV:  2    Int: 21    God:    Vehumet [***...]
Gold:   347        SH:  0    Dex: 16    Spells: 12/31 levels left

rFire    + . .     SeeInvis .   y - +2 falchion (slice)
rCold    . . .     Gourm    .   (no shield)
rNeg     + + +     Faith    .   (armour unavailable)
rPois    ∞         Spirit   .   (helmet restricted)
rElec    .         Reflect  .   w - +0 cloak
rCorr    .         Harm     .   (no gloves)
MR       .....                  k - +0 pair of boots
Stlth    ++........             (no amulet)
HPRegen  0.26/turn              f - +5 ring of dexterity
MPRegen  0.20/turn              i - +3 ring of evasion

@: petrified, corroded, very slightly contaminated
A: breathe fire, unfitting armour, fire resistance 1, cold-blooded, AC +8
a: Breathe Fire, Renounce Religion


You were on level 1 of the Abyss.
You worshipped Vehumet.
Vehumet was most pleased with you.
You were not hungry.

You visited 2 branches of the dungeon, and saw 12 of its levels.
You visited the Abyss 1 time.

You collected 581 gold pieces.
You spent 234 gold pieces at shops.

Inventory:

Hand Weapons
 y - a +2 falchion of slicing (weapon)
Armour
 k - a +0 pair of boots (worn)
 w - a +0 cloak (worn)
Jewellery
 a - an uncursed ring of see invisible {unknown}
 f - a +5 ring of dexterity (left hand)
 i - a +3 ring of evasion (right hand)
 n - an uncursed amulet of faith
 p - an uncursed ring of flight {unknown}
 t - an uncursed ring of ice
 A - a cursed ring of loudness {unknown}
Wands
 h - a wand of iceblast (4)
 l - a wand of paralysis (14)
 x - a wand of flame (30)
 C - a wand of clouds (1)
 F - a wand of polymorph (9)
Scrolls
 c - 2 scrolls of fear
 e - 2 scrolls of immolation
 v - a scroll of enchant armour
 z - a scroll of fog
 B - a scroll of remove curse
Potions
 d - 2 potions of flight
 g - 5 potions of curing
 m - a potion of berserk rage {unknown}
 o - 2 potions of might {unknown}
 q - a potion of resistance {unknown}
 r - a potion of mutation {unknown}
 u - a potion of brilliance {unknown}
Books
 G - a book of Geomancy

   Spells                             Type                      Level
   a - Sandblast                      Earth                        1
   b - Passwall                       Transmutation/Earth          2
   c - Stone Arrow                    Conjuration/Earth            3
   d - Petrify                        Transmutation/Earth          4
   e - Lee's Rapid Deconstruction     Earth                        5
Miscellaneous
 E - a lamp of fire (inert)
Comestibles
 b - 12 rations


   Skills:
 - Level 7.4 Fighting
 - Level 4.6 Long Blades
 - Level 4.7 Dodging
 - Level 1.7 Stealth
 * Level 10.1 Spellcasting
 + Level 8.5 Conjurations
 - Level 2.0 Charms
 + Level 9.9 Air Magic
 * Level 6.0 Evocations


You had 12 spell levels left.
You knew the following spells:

 Your Spells              Type           Power        Failure   Level  Hunger
a - Shock                 Conj/Air       ####         1%          1    None
b - Swiftness             Chrm/Air       #####...     1%          2    None
c - Static Discharge      Conj/Air       #####...     1%          3    None
d - Airstrike             Air            ######....   1%          4    ##.....
e - Lightning Bolt        Conj/Air       #####.....   1%          5    ####...
f - Regeneration          Chrm/Necr      ##........   13%         3    None
g - Animate Skeleton      Necr           N/A          6%          1    None


Dungeon Overview and Level Annotations

Branches:
Dungeon (11/15)            Temple (1/1) D:7            Lair (0/6) D:8
    Orc (0/2) D:10

Altars:
Ashenzari
Cheibriados
Dithmenos
Elyvilon
Fedhas
Gozag
Hepliaklqana
Kikubaaqudgha
Makhleb
Nemelex Xobeh
Okawaru
Qazlal
Ru
Sif Muna
Trog
Uskayaw
Vehumet
Wu Jian
Xom
Yredelemnul
Zin
The Shining One

Shops:
D:5 :   D:6 ?%   D:7 %[(   D:11 *

Annotations:
D:3 jazmu's ghost, amateur DsFE
D:11 Erolcha


Innate Abilities, Weirdness & Mutations

You can breathe blasts of fire.
Your fiery red scales are hard. (AC +8)
You cannot fit into any form of body armour.
Your flesh is heat resistant. (rF+)
You are cold-blooded and may be slowed by cold attacks.


Message History

The sphere of damnation explodes!
The damnation engulfs you!
* * * LOW HITPOINT WARNING * * *
An apocalypse crab comes into view.
The apocalypse crab breathes chaos at you.
The blast of chaos engulfs you!
You are slowing down.
You are engulfed in seething chaos.
Your limbs are stiffening.
A large abomination comes into view.
Unknown command.
The large abomination is engulfed in seething chaos.
The large abomination seems to slow down.
The large abomination is engulfed in seething chaos.
The apocalypse crab is engulfed in seething chaos.
You have turned to stone.
The brown very ugly thing tentacle-slaps you!!
* * * LOW HITPOINT WARNING * * *
The acid corrodes you!
You are splashed with acid!
The acid burns!
* * * LOW HITPOINT WARNING * * *
The brown very ugly thing tentacle-slaps you!
You die...

#... # .# #. #
. ... .. ..#.
..####
######t#.#
#....2Xu@#.
#...#.##..x#
##### #...##.#
..####......##
# .#.u#.#####
#.2=..# #.
..#. #
#§..#.#. #. #
..# . ... ##


You could see a brown very ugly thing, an apocalypse crab, a large abomination,
a hellion and a small abomination.

Vanquished Creatures
  2 hydras
  A centaur warrior (D:10)
  4 two-headed ogres
  An unseen horror (D:11)
  An ugly thing (D:10)
  Psyche (D:8)
  A hornet (D:9)
  2 trolls (D:10)
  Prince Ribbit (D:6)
  4 hippogriffs
  2 dream sheep (D:10)
  24 yaks
  Eustachio (D:5)
  Grum (D:11)
  2 steam dragons (D:11)
  2 hungry ghosts
  A water moccasin (D:6)
  2 hell hounds (D:8)
  4 orc warriors
  Duvessa (D:7)
  2 ice beasts
  4 ogres
  3 wolves (D:11)
  6 centaurs
  A crocodile (D:11)
  3 big kobolds (D:10)
  Blork the orc (D:6)
  9 bullfrogs
  A wyvern zombie (D:11)
  2 gnoll sergeants
  Dowan (D:7)
  3 scorpions
  A small abomination (Abyss:1)
  8 wights
  5 crimson imps
  6 jellies
  A centaur zombie (D:9)
  8 orc priests
  9 hounds
  8 orc wizards
  2 bullfrog skeletons
  10 worker ants
  4 iguanas
  A hound skeleton (D:7)
  2 worker ant zombies
  11 adders
  11 gnolls
  4 shadow imps
  10 oozes
  2 adder skeletons
  3 worms (D:2)
  3 leopard geckos
  41 orcs
  A ball python (D:1)
  2 giant cockroaches
  7 goblins
  4 hobgoblins
  5 jackals
  5 kobolds
  2 quokkas
  5 bats
  5 frilled lizards
  A leopard gecko skeleton (D:6)
  3 rats
284 creatures vanquished.

Vanquished Creatures (others)
  5 fungi (D:11)
  2 plants (D:10)
  A starspawn tentacle (Abyss:1)
8 creatures vanquished.

Grand Total: 292 creatures vanquished

Notes
Turn   | Place    | Note
-------+----------+-------------------------------------------
     0 | D:1      | vatarom the Draconian Air Elementalist began the quest for the Orb.
     0 | D:1      | Reached XP level 1. HP: 14/14 MP: 3/3
   194 | D:1      | Reached XP level 2. HP: 22/22 MP: 5/5
   195 | D:1      | Reached skill level 1 in Fighting
   747 | D:1      | You fall through a shaft!
   751 | D:2      | Reached XP level 3. HP: 29/29 MP: 2/6
   755 | D:2      | Learned a level 2 spell: Swiftness
   759 | D:2      | Learned a level 3 spell: Static Discharge
  1418 | D:2      | Reached XP level 4. HP: 17/36 MP: 0/7
  1862 | D:2      | Found a bloodstained altar of Trog.
  2398 | D:3      | Noticed jazmu's ghost (amateur DsFE)
  2561 | D:3      | Found an iron altar of Okawaru.
  2561 | D:3      | Found a hide-covered altar of Uskayaw.
  3327 | D:3      | Found a shattered altar of Ashenzari.
  3812 | D:4      | Reached XP level 5. HP: 35/45 MP: 1/8
  3905 | D:4      | Found a white marble altar of Elyvilon.
  4468 | D:5      | Entered Level 5 of the Dungeon
  4481 | D:5      | Noticed an ogre
  4570 | D:5      | Found a shadowy altar of Dithmenos.
  4721 | D:5      | Found Lar Qano's Book Boutique.
  4763 | D:5      | Found a snail-covered altar of Cheibriados.
  4815 | D:5      | Reached XP level 6. HP: 51/51 MP: 6/10
  4829 | D:5      | Reached skill level 3 in Spellcasting
  5224 | D:5      | Noticed Eustachio
  5447 | D:5      | Killed Eustachio
  5447 | D:5      | Reached skill level 5 in Air Magic
  5447 | D:5      | Your scales start taking on a fiery red colour.
  5447 | D:5      | Reached XP level 7. HP: 50/60 MP: 0/12
  5447 | D:5      | Gained mutation: Your flesh is heat resistant. (rF+) [Red Draconian growth]
  5630 | D:5      | Found a deep blue altar of Sif Muna.
  5747 | D:6      | Found a sacrificial altar of Ru.
  5768 | D:6      | Learned a level 4 spell: Airstrike
  5780 | D:6      | Reached skill level 5 in Fighting
  5807 | D:6      | Got a transparent spear
  5808 | D:6      | Identified the cursed +0 spear of Fate {elec, *Slow rPois MR++} (You found it on level 6 of the Dungeon)
  5823 | D:6      | Noticed Blork the orc
  5865 | D:6      | Killed Blork the orc
  6007 | D:6      | Noticed Prince Ribbit
  6103 | D:6      | Killed Prince Ribbit
  6103 | D:6      | Reached skill level 4 in Spellcasting
  6103 | D:6      | Reached XP level 8. HP: 53/70 MP: 0/14
  6208 | D:6      | Found Puguhagg's Magic Scroll Shoppe.
  6376 | D:6      | Bought a scroll of teleportation for 39 gold pieces
  6663 | D:6      | Found Moshrih's Food Shop.
  6884 | D:6      | Bought a ration for 65 gold pieces
  6884 | D:6      | Bought a ration for 65 gold pieces
  7050 | D:6      | Found an ornate altar of the Wu Jian Council.
  7081 | D:6      | Reached skill level 5 in Conjurations
  7534 | D:7      | Found Neng's Antique Weapon Emporium.
  7561 | D:7      | Reached XP level 9. HP: 73/79 MP: 8/16
  7644 | D:7      | Learned a level 5 spell: Lightning Bolt
  7675 | D:7      | Found a staircase to the Ecumenical Temple.
  7687 | Temple   | Entered the Ecumenical Temple
  7728 | Temple   | Became a worshipper of Vehumet
  7804 | D:7      | Found a shimmering altar of Xom.
  7804 | D:7      | Found a shimmering altar of Xom.
  7805 | D:7      | Found a shimmering altar of Xom.
  7805 | D:7      | Found a shimmering altar of Xom.
  7806 | D:7      | Found a shimmering altar of Xom.
  7806 | D:7      | Found a shimmering altar of Xom.
  7806 | D:7      | Found a shimmering altar of Xom.
  7866 | D:7      | Found Wudei's Food Emporium.
  7879 | D:7      | Bought a ration for 65 gold pieces
  7891 | D:7      | Noticed Dowan
  7893 | D:7      | Noticed Duvessa
  7916 | D:7      | Killed Duvessa
  7916 | D:7      | Reached skill level 5 in Spellcasting
  7918 | D:7      | Killed Dowan
  7993 | D:7      | Found Siubuo's Armour Emporium.
  8022 | D:7      | Found a basalt altar of Yredelemnul.
  8023 | D:7      | Found a white marble altar of Elyvilon.
  8065 | D:7      | You fall through a shaft for 3 floors!
  8065 | D:10     | Entered Level 10 of the Dungeon
  8080 | D:10     | Noticed a centaur warrior
  8081 | D:10     | Noticed a troll
  8117 | D:10     | Noticed a two-headed ogre
  8548 | D:8      | Noticed Psyche
  8805 | D:9      | Reached skill level 6 in Spellcasting
  8840 | D:9      | Reached XP level 10. HP: 9/86 MP: 1/19
  9226 | D:8      | Killed Psyche
  9226 | D:8      | Reached skill level 1 in Long Blades
  9351 | D:8      | Reached * piety under Vehumet
  9351 | D:8      | Offered knowledge of Flame Tongue by Vehumet.
  9396 | D:9      | Reached skill level 7 in Spellcasting
  9765 | D:8      | Noticed a two-headed ogre
  9788 | D:8      | Killed a two-headed ogre
  9825 | D:8      | Noticed a two-headed ogre
 10070 | D:8      | Killed a two-headed ogre
 10553 | D:8      | Found a staircase to the Lair.
 10708 | D:8      | Found a burning altar of Makhleb.
 10714 | D:8      | Learned a level 3 spell: Regeneration
 10716 | D:8      | Learned a level 1 spell: Animate Skeleton
 10797 | D:8      | Found a snail-covered altar of Cheibriados.
 10980 | D:7      | Reached skill level 8 in Spellcasting
 11001 | D:7      | Reached ** piety under Vehumet
 11001 | D:7      | Offered knowledge of Sting by Vehumet.
 11272 | D:7      | Found an opulent altar of Gozag.
 11637 | D:9      | Reached skill level 1 in Charms
 11691 | D:9      | Reached XP level 11. HP: 92/92 MP: 11/23
 12207 | D:10     | Killed a two-headed ogre
 12207 | D:10     | Reached skill level 1 in Evocations
 12217 | D:10     | Killed a centaur warrior
 12514 | D:10     | Offered knowledge of Inner Flame by Vehumet.
 12779 | D:10     | Found a staircase to the Orcish Mines.
 12779 | D:10     | Noticed a two-headed ogre
 12795 | D:10     | Killed a two-headed ogre
 12795 | D:10     | Reached skill level 9 in Spellcasting
 13118 | D:10     | Noticed a three-headed hydra
 13126 | D:10     | Killed a four-headed hydra
 13504 | D:10     | Reached *** piety under Vehumet
 13759 | D:11     | Found Meir's General Store.
 14450 | D:11     | Reached skill level 5 in Evocations
 14539 | D:11     | Noticed a seven-headed hydra
 14552 | D:11     | Killed a seven-headed hydra
 15004 | D:11     | Offered knowledge of Ignite Poison by Vehumet.
 15011 | D:11     | Noticed Grum
 15018 | D:11     | Reached XP level 12. HP: 76/100 MP: 6/25
 15019 | D:11     | Killed Grum
 15639 | D:11     | Reached skill level 10 in Spellcasting
 15859 | D:11     | Reached **** piety under Vehumet
 15890 | D:11     | Noticed Erolcha
 15890 | D:11     | Cast into level 1 of the Abyss (Erolcha)
 15924 | Abyss:1  | Noticed a tentacled starspawn
 15988 | Abyss:1  | Found a corrupted altar of Lugonu.
 15997 | Abyss:1  | Noticed a brown very ugly thing
 16021 | Abyss:1  | Slain by a brown very ugly thing

Skill      XL: |  1  2  3  4  5  6  7  8  9 10 11 12 |
---------------+-------------------------------------+-----
Fighting       | 1 2 3 4 6 7 |  7.4
Conjurations   | 2 3 4 5 6 7 8 |  8.5
Air Magic      | 4 5 6 7 8 9 |  9.9
Spellcasting   | 3 4 6 8 9 10 | 10.1
Dodging        | 4 |  4.7
Long Blades    | 4 |  4.6
Charms         | 1 2 |  2.0
Evocations     | 5 6 |  6.0
Stealth        | |  1.7

Action                   |  1- 3 |  4- 6 |  7- 9 | 10-12 || total
-------------------------+-------+-------+-------+-------++-------
Melee: Unarmed           |    48 |       |       |       ||    48
       Spear             |    29 |    44 |       |       ||    73
       Tailslap          |     4 |    11 |    24 |    47 ||    86
       Flail             |       |    56 |       |       ||    56
       Falchion          |       |       |   119 |   269 ||   388
 Cast: Shock             |    44 |    47 |    52 |    45 ||   188
       Static Discharge  |     3 |    18 |    46 |    63 ||   130
       Airstrike         |       |       |     3 |    67 ||    70
       Lightning Bolt    |       |       |     6 |    17 ||    23
 Abil: Breathe Fire      |       |       |    12 |    13 ||    25
Evoke: Wand              |       |     7 |     4 |     4 ||    15
       Lamp of fire      |       |       |       |     1 ||     1
  Use: Scroll            |       |    10 |     9 |     5 ||    24
       Potion            |       |     4 |     8 |     1 ||    13
 Stab: Sleeping          |       |     4 |     1 |       ||     5
       Confused          |       |       |       |     1 ||     1
  Eat: Chunk             |     3 |     7 |    12 |    11 ||    33
       Ration            |       |     3 |     1 |     8 ||    12
Armor: Skin              |    25 |    24 |    51 |   121 ||   221
Dodge: Dodged            |    71 |    97 |   180 |   423 ||   771
       Rpst.: Falchion   |       |       |    59 |   107 ||   166
